 Dungeon Crawl Stone Soup version 0.29-a0-1009-g60c99734e7 (webtiles) character file.

Game seed: 1594869707857141536

92 spaghetti the Trooper (level 4, -12/50 HPs)
             Began as an Ogre Chaos Knight on Aug 9, 2022.
             Was a Plaything of Xom.
             Killed by divine providence
             ... invoked by an orc priest
              (15 damage)
             ... on level 2 of the Dungeon.
             The game lasted 00:03:17 (2179 turns).

spaghetti the Trooper (Ogre Chaos Knight)           Turns: 2179, Time: 00:03:18

Health: -12/50     AC:  5    Str: 16    XL:     4   Next: 60%
Magic:  3/4        EV:  9    Int: 15    God:    Xom [..*...]
Gold:   108        SH:  0    Dex:  8    Spells: 2/3 levels left

rFire   . . .      SeeInvis .     - Unarmed
rCold   . . .      Faith    .   (no shield)
rNeg    . . .      Spirit   .   a - +2 robe
rPois   .          Reflect  .   (helmet restricted)
rElec   .          Harm     .   (no cloak)
rCorr   .          Rampage  .   (gloves unavailable)
Will    .....                   (boots unavailable)
Stlth   +.........              (no amulet)
HPRegen 0.16/turn               (no ring)
MPRegen 0.09/turn               (no ring)

@: about to teleport
A: large, unfitting armour, tough skin 1
a: Renounce Religion


You were on level 2 of the Dungeon.
You worshipped Xom.
You were a toy of Xom.
You visited 1 branch of the dungeon, and saw 3 of its levels.

You collected 108 gold pieces.


Innate Abilities, Weirdness & Mutations

You are too large for most types of armour.
You have tough skin. (AC +1)


   Skills:
 + Level 5.5 Fighting
 - Level 2.1 Dodging
 + Level 3.8 Unarmed Combat
 + Level 0.2 Transmutations
 + Level 0.2 Poison Magic


You had 2 spell levels left.
You knew the following spells:

 Your Spells              Type           Power      Damage    Failure   Level
a - Necrotise             Necr           0%         1d4       26%         1

Your spell library contained the following spells:

 Spells                   Type           Power      Damage    Failure   Level
 Ensorcelled Hibernation  Hex/Ice        0%         N/A       38%         2
 Spider Form              Tmut/Pois      0%         N/A       58%         3
 Anguish                  Hex/Necr       0%         N/A       95%         4

Inventory:

Hand Weapons
 d - a +0 club {mace}
   (You took it off a kobold on level 1 of the Dungeon)
 l - a +4 club {mace}
   (You took it off Jessica on level 2 of the Dungeon)
Missiles
 e - 9 stones {throwing}
Armour
 a - a +2 robe (worn)
Wands
 k - a wand of polymorph (4)
   (You took it off Jessica on level 2 of the Dungeon)
Scrolls
 c - 2 scrolls of identify {unknown}
 f - 3 scrolls of immolation {unknown}
 g - a scroll of blinking {unknown}
 h - a scroll of vulnerability {unknown}
 i - a scroll of enchant weapon {unknown}
 m - a scroll of summoning {unknown}
Miscellaneous
 b - a piece from Xom's chessboard (13/15) (quivered)

Dungeon Overview and Level Annotations

Branches:
Dungeon (3/15) Zot: 15829

Altars:

####### ......####
#####....# ###..#
###..## #######
#...## ##..o..##
###.### ##....@..##
##...# #.....{...#
#..### #....[....#
..## #.........#
.## #.........# .#
#.........# ##
####.......## #
#######...........#
#.....[.#.........#


You could see an orc priest.


Message History

Unknown command.
You see here a +0 ring mail.
There is a stone staircase leading down here.
You climb downwards.
The orc priest casts a cantrip, but nothing happens.
There is a stone staircase leading up here.
You barely miss the orc priest.
The orc priest hits you but does no damage.
You hit the orc priest but do no damage.
The orc wizard hits you with a +1 dagger of speed.
The orc priest hits you but does no damage.
The orc wizard casts a spell.
The orc wizard flickers and vanishes!
Deactivating autopickup; reactivate with Ctrl-A. 😕 HP[-1]
You take 1 damage, and now have 49/50 hp.
You hit the orc priest. The orc priest hits you with a +0 whip.
Something hits you. 😕 HP[-5]
You take 5 damage, and now have 44/50 hp.
You hit the orc priest but do no damage.
You hear some strange, mumbled words.
A puff of flame appears from out of thin air!
The puff of flame hits you!
The orc priest closely misses you. 😮 HP[-8]
You take 8 damage, and now have 36/50 hp.
Casting: Necrotise (safe; 26% risk of failure)
Confirm with . or Enter, or press ? or * to list all spells.
Aiming: Necrotise (safe; 26% risk of failure)
Press: ? - help, Shift-Dir - straight line, f - orc priest
Aim: an orc priest, wielding a +0 whip and wearing a +0 ring mail (lightly wounded, chance to affect: 32%)
The orc priest writhes in agony.
You hear some strange, mumbled words.
You are confused.
The orc priest hits you with a +0 whip. 😮 HP[-5] MP[-1]
You take 5 damage, and now have 31/50 hp.
You lost 1 mp, and now have 3/4 mp.
Something hits you but does no damage. The orc priest closely misses you.
In your confused state, you trip and fall back down the stairs.
Xom roars with laughter!
You hear some strange, mumbled words.
A magic dart appears from out of thin air!
The magic dart hits you. The orc priest hits you with a +0 whip.
* * * LOW HITPOINT WARNING * * *
😨 HP[-7]
You take 7 damage, and now have 24/50 hp.
Unknown command.
Unknown command.
Unknown command.
Unknown command.
Something hits you but does no damage. The orc priest barely misses you.
Something hits you.
* * * LOW HITPOINT WARNING * * *
You climb upwards.
Reactivating autopickup.
There is a stone staircase leading down here. 😨 HP[-2]
You take 2 damage, and now have 22/50 hp.
Unknown command.
Unknown command.
Unknown command.
You aren't carrying any potions.
You hit the orc priest.
You feel less confused. Something hits you but does no damage.
Deactivating autopickup; reactivate with Ctrl-A.
The orc priest mumbles some strange prayers to Beogh against you.
Pain shoots through your body!
* * * LOW HITPOINT WARNING * * *
Something hits you.
* * * LOW HITPOINT WARNING * * *
😨 HP[-4]
You take 4 damage, and now have 18/50 hp.
You hit the orc priest but do no damage.
Something hits you.
* * * LOW HITPOINT WARNING * * *
The orc priest hits you but does no damage. 😨 HP[-1]
You take 1 damage, and now have 17/50 hp.
Unknown command.
You aren't carrying any potions.
As you read the scroll of teleportation {@r4}, it crumbles to dust.
You feel strangely unstable.
You hear some strange, mumbled words.
A magic dart appears from out of thin air!
The magic dart hits you!
* * * LOW HITPOINT WARNING * * *
The orc priest barely misses you. 😱 HP[-10]
You take 10 damage, and now have 7/50 hp.
Unknown command.
Unknown command.
Unknown command.
You hit the orc priest. Something hits you.
* * * LOW HITPOINT WARNING * * *
The orc priest calls down the wrath of Beogh upon you.
Beogh smites you!
You die...
Xom guffaws!

Skill      XL: |  1  2  3 |
---------------+----------+-----
Unarmed Combat | 3 |  3.8
Fighting       | 5 |  5.5
Dodging        | |  2.1
Transmutations | |  0.2
Poison Magic   | |  0.2

Action                   |  1- 3 |  4- 6 || total
-------------------------+-------+-------++-------
Melee: Unarmed           |   115 |    57 ||   172
       Punch             |     3 |     1 ||     4
 Cast: Necrotise         |     3 |    10 ||    13
Evoke: Piece from Xom's  |       |     2 ||     2
  Use: Scroll            |     1 |     2 ||     3
       Potion            |       |     2 ||     2
 Stab: Sleeping          |       |     1 ||     1
Armor: Robe              |    61 |    26 ||    87
Dodge: Dodged            |    66 |    28 ||    94

Levels and vault maps discovered:
D:1:      kb_arrival_jail, layout_basic, shapermc_ecumenical_altar_rom_forum,
          minmay_misc_feat_tiny, item_on_display_a
D:2:      layout_rooms, minmay_unequal, uniq_jessica
D:3:      layout_basic, serial_shops, shop

Notes
Turn   | Place    | Note
-------+----------+-------------------------------------------
     0 | D:1      | spaghetti the Ogre Chaos Knight began the quest for the
                  | Orb.
     0 | D:1      | Reached XP level 1. HP: 24/24 MP: 1/1
     0 | D:1      | magus.rc [v1.9.6]
     2 | D:1      | Noticed a draconian
     2 | D:1      | Noticed a ghoul
     4 | D:1      | Noticed an elf
     4 | D:1      | Noticed a merfolk
     6 | D:1      | Noticed an octopode
     8 | D:1      | Noticed a demonspawn
     8 | D:1      | Noticed a spriggan
    10 | D:1      | Noticed a vine stalker
    12 | D:1      | Noticed a gargoyle
    12 | D:1      | Noticed an ogre
    14 | D:1      | Noticed a vampire
    14 | D:1      | Noticed a demigod
    17 | D:1      | Noticed a dwarf
    17 | D:1      | Noticed a human
    20 | D:1      | Noticed a minotaur
    20 | D:1      | Noticed a naga
    22 | D:1      | Noticed a troll
    24 | D:1      | Noticed a tengu
    24 | D:1      | Noticed a felid
    28 | D:1      | Noticed a formicid
    73 | D:1      | Found a faded altar of an unknown god.
    91 | D:1      | Got Plato's Atlas of Profane Liturgies
   156 | D:1      | Reached XP level 2. HP: 33/33 MP: 2/2
   165 | D:1      | XOM: silly message
   169 | D:1      | Reached skill level 3 in Unarmed Combat
   330 | D:1      | XOM: silly message
   447 | D:1      | XOM: cast spell 'Call Canine Familiar'
   609 | D:1      | XOM: noise
   661 | D:1      | XOM: noise
   986 | D:2      | Reached XP level 3. HP: 40/40 MP: 3/3
  1025 | D:2      | Learned a level 1 spell: Necrotise
  1142 | D:2      | Reached skill level 5 in Fighting
  1214 | D:2      | Noticed Jessica
  1222 | D:2      | Killed Jessica
  1223 | D:2      | Reached XP level 4. HP: 44/50 MP: 0/4
  1385 | D:2      | Identified the +3 ring mail of the Twisting Gods {Dex+3}
  1490 | D:2      | You pick up a book of Dreams and begin reading...
  1490 | D:2      | You add the spells Ensorcelled Hibernation, Spider Form and
                  | Anguish to your library.
  1666 | D:2      | XOM is BORED!
  1666 | D:2      | XOM: silly message
  1796 | D:3      | Noticed an orc warrior
  1802 | D:3      | XOM: divination: detect items
  1806 | D:3      | XOM: smoke on damage
  2178 | D:2      | HP: 7/50 [something/magic dart (10)]
  2179 | D:2      | HP: 3/50 [something (4)]
  2179 | D:2      | Killed from afar by an orc priest

Vanquished Creatures
  Jessica (D:2)
  3 adders
  A worm (D:2)
  4 endoplasms
  2 goblins (D:2)
  4 kobolds
  A quokka (D:1)
  5 ball pythons
  6 bats
  2 frilled lizards
  4 rats
33 creatures vanquished.

Vanquished Creatures (collateral kills)
  A giant cockroach (D:1)
  A kobold (D:1)
2 creatures vanquished.

Vanquished Creatures (others)
  A plant (D:1)
1 creature vanquished.

Grand Total: 36 creatures vanquished

Table legend:
 A = Non-vault XP
 B = Vault XP
 C = Vault XP percentage of total XP
 D = Non-vault monster count
 E = Vault monster count
 F = Vault count percentage of total count
                 A         B        C        D         E       F
            +---------+---------+-------+---------+---------+-------
      Total |      87 |      45 |  34.1 |      31 |       4 |  11.4
            +---------+---------+-------+---------+---------+-------
        D:1 |      24 |       0 |   0.0 |      15 |       0 |   0.0
        D:2 |      47 |      45 |  48.9 |      13 |       4 |  23.5
        D:3 |      16 |       0 |   0.0 |       3 |       0 |   0.0
            +---------+---------+-------+---------+---------+-------

Illustrated notes

Table legend:
 A = Kills in this place as a percentage of kills in entire the game.
 B = Kills by you in this place as a percentage of kills by you in the entire game.
 C = Kills by friends in this place as a percentage of kills by friends in the entire game.
 D = Other kills in this place as a percentage of other kills in the entire game.
 E = Experience gained in this place as a percentage of experience gained in the entire game.
 F = Experience gained in this place divided by the number of levels of this place that you have seen.
                   A       B       C       D       E      F
               +-------+-------+-------+-------+-------+----------------------
         Total | 100.0 | 100.0 | 100.0 |   N/A | 100.0 |  44.0
       Dungeon | 100.0 | 100.0 | 100.0 |   N/A | 100.0 |  44.0
               +-------+-------+-------+-------+-------+----------------------

Table legend: (Time is in decaauts)
 A = Elapsed time spent in this place.
 B = Non-inter-level travel time spent in this place.
 C = Inter-level travel time spent in this place.
 D = Time resting spent in this place.
 E = Time spent auto-exploring this place.
 F = Levels seen in this place.
 G = Mean time per level.
                   A        B        C        D        E       F      G
               +--------+--------+--------+--------+--------+-----+--------+
         Total |   2169 |   2066 |    103 |    161 |   1527 |   3 |  723.0 |
       Dungeon |   2169 |   2066 |    103 |    161 |   1527 |   3 |  723.0 |
               +--------+--------+--------+--------+--------+-----+--------+

Top non-repeatable levels by time:
     D:2: 1027 daAuts
     D:1: 932 daAuts
     D:3: 209 daAuts
